 Dungeon Crawl Stone Soup version 0.31-a0-841-g038b102fc3 (webtiles) character file.

Game seed: 18245051150193645708

30 javelincjr the Changeling (level 3, 0/29 HPs)
             Began as a Draconian Shapeshifter on Sept 27, 2023.
             Slain by a gnoll
             ... wielding a +0 spear
              (6 damage)
             ... on level 2 of the Dungeon.
             The game lasted 00:01:25 (1088 turns).

javelincjr the Changeling (Draconian Shapeshifter)  Turns: 1088, Time: 00:01:25

Health: 0/29       AC:  5    Str: 24    XL:     3   Next: 5%
Magic:  3/3        EV: 12    Int: 10    God:
Gold:   58         SH:  0    Dex: 10    Spells: 2/2 levels left

rFire   . .          .
                       - Unarmed
rCold   . . .        (no shield)
rNeg    . . .        (body armour unavailable)
rPois   .            (helmet currently unavailable)
rElec   .            (cloak currently unavailable)
rCorr   .            (gloves currently unavailable)
SInv    .            (boots currently unavailable)
Will    .....        (no amulet)
Stlth   +            f - +6 ring of strength
HPRegen 0.24/turn    (no ring)
MPRegen 0.08/turn

%: no passive effects
@: beast-form
A: beast (slay +1), AC +5, unfitting armour, cold-blooded
a: Begin Untransformation


You were on level 2 of the Dungeon.
You were a hulking beast.
You visited 1 branch of the dungeon, and saw 2 of its levels.

You collected 58 gold pieces.

Inventory:

Missiles
 h - 5 javelins
Jewellery
 f - a +6 ring of strength (left hand)
 g - an amulet of regeneration
Talismans
 b - a beast talisman (active)
 c - a flux talisman
Scrolls
 d - a scroll of identify {unknown}
 e - a scroll of immolation {unknown}
Potions
 a - a potion of lignification


   Skills:
 + Level 1.7 Fighting
 + Level 2.1 Dodging
 + Level 3.2 Unarmed Combat
 * Level 3.4 Shapeshifting


You had 2 spell levels left.
You didn't know any spells.
Your spell library was empty.

Dungeon Overview and Level Annotations

Branches:
Dungeon (2/15)

Altars:


Innate Abilities, Weirdness & Mutations

You are a hulking beast.
Your limbs bulge with bestial killing power. (Slay +1)
Your plain brown scales are hard. (AC +5)
You cannot fit into any form of body armour.
You are cold-blooded and may be slowed by cold attacks.


Message History

The gnoll is moderately wounded.
You completely miss the gnoll.
Your tail-slap misses the gnoll.
The gnoll is moderately wounded.
The gnoll hits you with a +0 flail!
You closely miss the gnoll.
The gnoll is moderately wounded.
The gnoll hits you with a +0 flail.
You are too injured to fight recklessly!
You are too injured to fight recklessly!
You are too injured to fight recklessly!
You are too injured to fight recklessly!
You are too injured to fight recklessly!
You are too injured to fight recklessly!
You are too injured to fight recklessly!
You are too injured to fight recklessly!
You hit the gnoll.
The gnoll is almost dead.
The gnoll closely misses you.
You hit the gnoll. You tail-slap the gnoll.
You kill the gnoll!
You have reached level 3!
Your experience leads to an increase in your attributes!
Your base attributes are Str 16, Int 10, Dex 10.
Increase (S)trength, (I)ntelligence, or (D)exterity?
You feel stronger. x2; Your scales feel tougher.
You barely miss the gnoll. You tail-slap the gnoll!
The gnoll is heavily wounded.
The gnoll hits you but does no damage.
You hit the gnoll.
The gnoll is severely wounded.
The gnoll hits you from afar with a +0 spear.
* * * LOW HITPOINT WARNING * * *
The gnoll hits you but does no damage.
You closely miss the gnoll.
The gnoll is severely wounded.
The gnoll barely misses you. The gnoll hits you but does no damage.
You hit the gnoll but do no damage.
The gnoll is severely wounded.
The gnoll hits you from afar with a +0 spear.
You die...

#.####### .
#.......#
....#######<#
.....ggh.##.♣♣
.#######.##.P♣♣♣♣~.~
#.##...~~~~.~
#.##.♣♣♣♣P.~~ #....♣
~♣ ####.# ..# ####


You could see 2 gnolls.

Vanquished Creatures
  A gnoll (D:2)
  6 ball pythons (D:1)
  3 endoplasms (D:1)
  A goblin (D:1)
  4 hobgoblins (D:1)
  A kobold (D:1)
  A quokka (D:1)
  A bat (D:1)
  A frilled lizard (D:1)
  A rat (D:1)
20 creatures vanquished.

Notes
Turn   | Place    | Note
-------+----------+-------------------------------------------
     0 | D:1      | javelincjr the Draconian Shapeshifter began the quest for
                  | the Orb.
     0 | D:1      | Reached XP level 1. HP: 16/16 MP: 1/1
   325 | D:1      | Reached XP level 2. HP: 23/23 MP: 2/2
  1085 | D:2      | Reached XP level 3. HP: 11/29 MP: 3/3
  1088 | D:2      | Slain by a gnoll

Illustrated notes

Levels and vault maps discovered:
D:1:      dpeg_arrival_connections, layout_basic
D:2:      layout_loops_ring, basic_altar, serial_bayou_crossing

Skill      XL: |  1  2 |
---------------+-------+-----
Dodging        | 2 |  2.1
Fighting       | |  1.7
Unarmed Combat | |  3.2
Shapeshifting  | |  3.4

Action                     || total
---------------------------++-------
  Melee: Unarmed           ||    39
         Tailslap          ||     2
 Armour: Skin              ||    15
  Dodge: Dodged            ||    22

Table legend: (Time is in decaauts)
 A = Elapsed time spent in this place.
 B = Non-inter-level travel time spent in this place.
 C = Inter-level travel time spent in this place.
 D = Time resting spent in this place.
 E = Time spent auto-exploring this place.
 F = Levels seen in this place.
 G = Mean time per level.
                   A        B        C        D        E       F      G
               +--------+--------+--------+--------+--------+-----+--------+
         Total |   1086 |    993 |     93 |      0 |    894 |   2 |  543.0 |
       Dungeon |   1086 |    993 |     93 |      0 |    894 |   2 |  543.0 |
               +--------+--------+--------+--------+--------+-----+--------+

Top non-repeatable levels by time:
     D:1: 1064 daAuts
     D:2: 22 daAuts
